 Dungeon Crawl Stone Soup version 0.29-a0-789-g7a8fcbc185 (webtiles) character file.

Game seed: 12944735546620952078

9 trckry the Sneak (level 2, 0/24 HPs)
             Began as a Mummy Delver on July 2, 2022.
             Slain by a black bear (4 damage)
             ... on level 5 of the Dungeon.
             The game lasted 00:02:16 (161 turns).

trckry the Sneak (Mummy Delver)                      Turns: 161, Time: 00:02:17

Health: 0/24       AC:  3    Str: 15    XL:     2   Next: 3%
Magic:  2/2        EV: 11    Int:  9    God:
Gold:   0          SH:  0    Dex: 13    Spells: 1/1 levels left

rFire   x . .      SeeInvis .   a - +0 falchion
rCold   + . .      Faith    .   (no shield)
rNeg    + + +      Spirit   .   b - +0 leather armour
rPois   ∞          Reflect  .   (no helmet)
rElec   .          Harm     .   (no cloak)
rCorr   .          Rampage  .   (no gloves)
Will    .....                   (no boots)
Stlth   ++........              (no amulet)
HPRegen 0.08/turn               (no ring)
MPRegen 0.08/turn               (no ring)

@: no status effects
A: cold resistance 1, negative energy resistance 3, torment resistance 2, heat
vulnerability 1, no potions
a: no special abilities


You were on level 5 of the Dungeon.
You visited 1 branch of the dungeon, and saw 2 of its levels.

Inventory:

Hand Weapons
 a - a +0 falchion (weapon)
Armour
 b - a +0 leather armour (worn)
 g - a +0 scale mail
Jewellery
 h - a ring of magical power
Wands
 f - a wand of digging (3)
Scrolls
 c - a scroll of fog
 d - a scroll of magic mapping
 e - a scroll of fear


   Skills:
 + Level 3.1 Fighting
 * Level 1.8 Long Blades
 + Level 0.2 Armour
 + Level 1.7 Dodging
 + Level 4.2 Stealth


You had one spell level left.
You didn't know any spells.
Your spell library contained the following spells:

 Spells                   Type           Power      Damage    Failure   Level
 Portal Projectile        Hex/Tloc       0%         N/A       83%         3
 Tukima's Dance           Hex            0%         N/A       83%         3
 Blade Hands              Tmut           Unusable   N/A       N/A         5

Dungeon Overview and Level Annotations

Branches:
Dungeon (5/15) Zot: 11837
 Temple: D:4-7

Altars:


Innate Abilities, Weirdness & Mutations

You are immune to poison.
Your flesh is cold resistant. (rC+)
You are immune to negative energy. (rN+++)
You are immune to unholy pain and torment.
You are vulnerable to heat. (rF-)
You do not drink.


Message History

You slash the adder!
The adder is almost dead.
The adder barely misses you. The adder closely misses you.
You hit the adder.
You kill the adder!
You have reached level 2!
Health restored: 24; MP restored: 2 A black bear comes into view.
Okay, then.
You can't drink.
You barely miss the black bear. The black bear barely misses you. x2
The black bear claws you. The black bear bites you!
The black bear barely misses you.
The black bear claws you but does no damage.
You take 9 damage, and have 15/24 hp.
MASSIVE DAMAGE!!
You hit the black bear.
The black bear is lightly wounded.
The black bear closely misses you. x2; The black bear claws you.
You take 1 damage, and have 14/24 hp.
You hit the black bear.
The black bear is moderately wounded.
The black bear barely misses you. The black bear claws you.
The black bear closely misses you.
You take 2 damage, and have 12/24 hp.
You barely miss the black bear.
The black bear is moderately wounded.
The black bear barely misses you. The black bear completely misses you.
The black bear misses you.
You hit the black bear.
The black bear is moderately wounded.
The black bear bites you.
* * * LOW HITPOINT WARNING * * *
The black bear barely misses you. The black bear claws you.
* * * LOW HITPOINT WARNING * * *
You take 6 damage, and have 6/24 hp.
MASSIVE DAMAGE!!
The black bear attacks as you move away!
The black bear bites you.
* * * LOW HITPOINT WARNING * * *
The black bear barely misses you. The black bear claws you.
You die...

#.#.####.##..#
#.#......##..#
#.#..######..# ..#..#
#....># #####.#..#
#.###.# #...#.#..###
#...#### #.#[#.#...#
..#....
#.#.#h#...#######.###
#.#.@.#..........(#..
#.#####..##########..
#........# #..
#.#####.## ##<
#.#...#.# ##
#.#.#.#.# #.#.#.#.#
### #...#.#.#
.....#####.#.#


You could see a black bear.

Vanquished Creatures
  An adder (D:5)
1 creature vanquished.

Vanquished Creatures (others)
  4 plants (D:5)
4 creatures vanquished.

Grand Total: 5 creatures vanquished

Notes
Turn   | Place    | Note
-------+----------+-------------------------------------------
     0 | D:5      | trckry the Mummy Delver began the quest for the Orb.
     0 | D:5      | Reached XP level 1. HP: 18/18 MP: 1/1
   152 | D:5      | Reached XP level 2. HP: 24/24 MP: 2/2
   152 | D:5      | Noticed a black bear
   161 | D:5      | Slain by a black bear

Illustrated notes

Levels and vault maps discovered:
D:4:      layout_loops_corners, uniq_edmund
D:5:      layout_basic, roderic_lattice_a, minmay_fountain_box,
          serial_bayou_pond_a

Action                   || total
-------------------------++-------
Melee: Falchion          ||     7
 Stab: Sleeping          ||     1
Armor: Leather armour    ||     1
Dodge: Dodged            ||    14

Table legend: (Time is in decaauts)
 A = Elapsed time spent in this place.
 B = Non-inter-level travel time spent in this place.
 C = Inter-level travel time spent in this place.
 D = Time resting spent in this place.
 E = Time spent auto-exploring this place.
 F = Levels seen in this place.
 G = Mean time per level.
                   A        B        C        D        E       F      G
               +--------+--------+--------+--------+--------+-----+--------+
         Total |    162 |    162 |      0 |      0 |      0 |   2 |   81.0 |
       Dungeon |    162 |    162 |      0 |      0 |      0 |   2 |   81.0 |
               +--------+--------+--------+--------+--------+-----+--------+

Top non-repeatable levels by time:
     D:5: 160 daAuts
     D:4: 1 daAuts
